 Dungeon Crawl Stone Soup version 0.23.0 (webtiles) character file.

Game seed: 7118039569668233614

42 Ivernyr the Insei (level 3, -2/18 HPs)
             Began as a Vine Stalker Transmuter on Feb 18, 2019.
             Slain by Robin
             ... wielding a +0 spear
              (7 damage)
             ... on level 2 of the Dungeon.
             The game lasted 00:04:17 (1242 turns).

Ivernyr the Insei (Vine Stalker Transmuter)         Turns: 1242, Time: 00:04:18

Health: -2/18      AC:  4    Str:  8    XL:     3   Next: 56%
Magic:  0/7        EV: 12    Int: 14    God:
Gold:   51         SH:  0    Dex: 14    Spells: 4/7 levels left

rFire    . . .     SeeInvis .     - Unarmed
rCold    . . .     Gourm    .   (no shield)
rNeg     . . .     Faith    .   b - +0 robe
rPois    .         Spirit   +   (no helmet)
rElec    .         Reflect  .   (no cloak)
rCorr    .         Harm     .   (no gloves)
MR       .....                  (boots currently unavailable)
Stlth    +.........             (no amulet)
HPRegen  0.06/turn              e - +2 ring of protection
MPRegen  0.10/turn              p - -4 ring of strength (curse)

@: appendage (expiring), drained
A: fangs 2, talons 3, magic shield, antimagic bite, no potion heal 3, rot
immunity
a: End Transformation


You were on level 2 of the Dungeon.
You were hungry.
You had grown temporary talons.
You visited 1 branch of the dungeon, and saw 2 of its levels.

You collected 51 gold pieces.

Inventory:

Missiles
 a - 10 arrows
Armour
 b - a +0 robe (worn)
Jewellery
 e - a +2 ring of protection (left hand)
 p - a cursed -4 ring of strength (right hand)
Scrolls
 k - 2 scrolls of fog
 n - a scroll of teleportation
Potions
 c - a potion of heal wounds {unknown}
 f - a potion of lignification {unknown}
 g - 2 potions of flight {unknown}
 i - a potion of haste {unknown}
Comestibles
 d - 2 rations
 h - 2 chunks of flesh


   Skills:
 - Level 1.0(0.0) Fighting
 + Level 2.0(0.9) Dodging
 + Level 3.3(2.2) Unarmed Combat
 + Level 2.6(1.5) Spellcasting
 * Level 2.8(1.8) Transmutations


You had 4 spell levels left.
You knew the following spells:

 Your Spells              Type           Power        Failure   Level  Hunger
a - Beastly Appendage     Tmut           #.....       12%         1    ##.....
b - Sticks to Snakes      Tmut           #.......     19%         2    ###....

Your spell library contained the following spells:

 Spells                   Type           Power        Failure   Level  Hunger
 Spider Form              Tmut/Pois      #.........   45%         3    ####...
 Ice Form                 Ice/Tmut       #.......     86%         4    #####..
 Blade Hands              Tmut           #.........   97%         5    ######.


Dungeon Overview and Level Annotations

Branches:
Dungeon (2/15)

Altars:
Dithmenos
Hepliaklqana
The Shining One

Annotations:
D:2 Robin


Innate Abilities, Weirdness & Mutations

You have extremely sharp teeth.
When hurt, damage is shared between your health and your magic reserves.
Your bite disrupts and absorbs the magic of your enemies.
Potions cannot restore your health.
You are immune to rotting.
You have claws for feet.


Message History

You kill the leopard gecko!
You closely miss the giant cockroach. Your kick misses the giant cockroach.
The giant cockroach bites you.
You barely miss the giant cockroach. You claw the giant cockroach.
The giant cockroach is almost dead.
A goblin comes into view.
The giant cockroach bites you.
You hit the giant cockroach.
You kill the giant cockroach!
Your transformation is almost over.
You hit the goblin.
You kill the goblin!
Robin's bangles clink loudly.
You miss the goblin. The goblin hits you.
* * * LOW HITPOINT WARNING * * *
Robin barely misses you.
A goblin comes into view. It is wielding a +0 dagger.
You closely miss the goblin. The goblin barely misses you.
Robin hits you from afar with a +0 spear!
You die...

,**,.#.#..##.....# #.#
**,,#._.#.,###...####***** #.#
,**,.#.#..##..........,,,* #.#
,,**..#..+#...########**,* #.#
*.,*#...##..#.# *,* #.#
*..,**,##.....# *,* #.##
*...,*##...#..# *,* #...
,.l#.,#....#.g###### *,* #..#
,.....#....†gggg@..# **,** #..#
*,,*#....g##.g####.# **,,,***#..#
*,,*#.....##..# *,# *,,,,,,,#..#
*.........##..#***,* **,,,**,#..#
*g.##....s.....,,*,*****,***,#...
*,,*#g......####,,,*,,,,,***,#.##
,,,.g.......# **,*,,,,,,,,,,,..#*
*,.####!).[##**,***,,,,,,,,,,,.,,
*g,***#....#**,** **,,,,,,**,.#**


You could see Robin and 6 goblins.

Vanquished Creatures
  A dart slug (D:1)
  2 leopard geckos (D:2)
  A giant cockroach (D:2)
  7 goblins
  3 hobgoblins
  4 jackals (D:1)
  A ball python (D:2)
  3 bats
  A frilled lizard (D:1)
  10 kobolds
  A rat (D:1)
34 creatures vanquished.

Vanquished Creatures (collateral kills)
  A worm (D:2)
1 creature vanquished.

Grand Total: 35 creatures vanquished

Notes
Turn   | Place    | Note
-------+----------+-------------------------------------------
     0 | D:1      | Ivernyr the Vine Stalker Transmuter began the quest for the
                  | Orb.
     0 | D:1      | Reached XP level 1. HP: 9/9 MP: 4/4
    57 | D:1      | Reached skill level 1 in Fighting
   138 | D:1      | Reached XP level 2. HP: 14/14 MP: 6/6
   142 | D:1      | Learned a level 2 spell: Sticks to Snakes
   441 | D:1      | Reached XP level 3. HP: 16/18 MP: 7/7
   555 | D:2      | Found a shadowy altar of Dithmenos.
  1133 | D:2      | Found a hazy altar of Hepliaklqana.
  1200 | D:2      | Found a glowing golden altar of the Shining One.
  1214 | D:2      | Noticed Robin
  1242 | D:2      | Slain by Robin

Skill      XL: |  1  2  3 |
---------------+----------+-----
Fighting       | 1 |  1.0
Dodging        | 2 |  2.0
Unarmed Combat | |  3.3
Spellcasting   | |  2.6
Transmutations | |  2.8

Action                   || total
-------------------------++-------
Melee: Unarmed           ||   106
       Kick              ||     9
       Bite              ||    21
       Headbutt          ||     6
 Cast: Beastly Appendage ||    12
       Sticks to Snakes  ||     2
  Use: Scroll            ||     6
 Stab: Sleeping          ||     2
  Eat: Chunk             ||     1
Armor: Robe              ||    22
Dodge: Dodged            ||    68
